MLB
PITTSBURGH PIRATES @ NEW YORK METS
08/11/2044
 
TOP OF THE 1ST
Pittsburgh Pirates batting - Pitching for New York Mets : RHP Matt McAtee
Pitching: RHP Matt McAtee
Batting: RHB Andrew Robinson 0-0: Called Strike
0-1: Foul Ball, location: 2F
0-2: Ball
1-2: Strikes out swinging
Batting: RHB Jeckel Hester 0-0: Ball
1-0: Foul Ball, location: 2F
1-1: Called Strike
1-2: Foul Ball, location: 2F
1-2: Ground out 6-3 (Groundball, 56, EV 101.9 MPH)
Batting: SHB Marvin McAleer 0-0: Ball
1-0: SINGLE (Groundball, 6D, EV 105.0 MPH)
Batting: RHB Vincent Poopwell 0-0: Hit by Pitch
Marvin McAleer to second
Batting: RHB Steve Jordan 0-0: Ball
1-0: Swinging Strike
1-1: Ball
2-1: Foul Ball, location: 2F
2-2: Ball
3-2: Strikes out swinging
Top of the 1st over - 0 runs, 1 hit, 0 errors, 2 left on base; Pittsburgh 0 - New York 0
BOTTOM OF THE 1ST
New York Mets batting - Pitching for Pittsburgh Pirates : RHP Jeremy Kennie
Pitching: RHP Jeremy Kennie
Batting: SHB Lewis Thorpe Jr. 0-0: Fly out, F8 (Flyball, 8LM, EV 77.5 MPH)
Batting: SHB Nelle van den Berg 0-0: SINGLE (Groundball, 4MD, EV 96.9 MPH)
Batting: SHB Jonathan Jenkins 0-0: Called Strike
Nelle van den Berg steals 2nd, throwing error, E2
Nelle van den Berg to third
0-1: Foul Ball, location: 2F
0-2: Ball
1-2: Ground out 4-3 (Groundball, 4, EV 86.2 MPH)
Nelle van den Berg scores
Batting: SHB Sean Cook 0-0: Ball
1-0: Ball
2-0: Ground out 6-3 (Groundball, 6, EV 111.9 MPH)
Bottom of the 1st over - 1 run, 1 hit, 1 error, 0 left on base; Pittsburgh 0 - New York 1
TOP OF THE 2ND
Pittsburgh Pirates batting - Pitching for New York Mets : RHP Matt McAtee
Batting: RHB Tommie Eaton 0-0: Called Strike
0-1: Foul Ball, location: 2F
0-2: Ground out 6-3 (Groundball, 6, EV 103.8 MPH)
Batting: RHB Mike Bates 0-0: Foul Ball, location: 2F
0-1: Ball
1-1: Ground out 6-3 (Groundball, 6, EV 82.5 MPH)
Batting: RHB Raul Mendoza 0-0: Ball
1-0: Called Strike
1-1: Ball
2-1: Called Strike
2-2: Ground out 5-3 (Groundball, 56, EV 101.2 MPH)
Top of the 2nd over - 0 runs, 0 hits, 0 errors, 0 left on base; Pittsburgh 0 - New York 1
BOTTOM OF THE 2ND
New York Mets batting - Pitching for Pittsburgh Pirates : RHP Jeremy Kennie
Batting: SHB Gus Berry 0-0: Ball
1-0: Called Strike
1-1: Ball
2-1: Called Strike
2-2: SINGLE (Flyball, 9, EV 88.1 MPH)
Batting: SHB Kaname Fujimoto 0-0: Called Strike
0-1: Foul Ball, location: 2F
0-2: Ball
1-2: Foul Ball, location: 2F
1-2: Ball
Wild Pitch!
Gus Berry to second
2-2: Ball
3-2: SINGLE (Line Drive, 78S, EV 100.6 MPH)
Gus Berry to third
Runner from 3rd tries for Home, SAFE, throw by LF to home
Batting: LHB Timo Gomez 0-0: Ball
1-0: Foul Ball, location: 2F
1-1: Ball
2-1: Ball
3-1: Foul Ball, location: 2F
3-2: 2-RUN HOME RUN (Flyball, 9LD, EV 95.0 MPH), Distance : 341 ft
Batting: SHB Tomas Caldera 0-0: Called Strike
0-1: Ball
1-1: Ball
2-1: SINGLE (Line Drive, 6M, EV 100.0 MPH)
Batting: SHB Scott Bartholomew 0-0: Swinging Strike
0-1: Swinging Strike
0-2: Ball
1-2: Strikes out swinging
Batting: SHB Lewis Thorpe Jr. 0-0: Ball
1-0: Foul Ball, location: 2F
1-1: SINGLE (Groundball, 4MS, EV 71.2 MPH) (infield hit)
Tomas Caldera to second
Batting: SHB Nelle van den Berg 0-0: Called Strike
0-1: Grounds into double play, 4-6-3 (Groundball, 4, EV 102.5 MPH)
Bottom of the 2nd over - 3 runs, 5 hits, 0 errors, 1 left on base; Pittsburgh 0 - New York 4
TOP OF THE 3RD
Pittsburgh Pirates batting - Pitching for New York Mets : RHP Matt McAtee
Batting: RHB Mike Thornton 0-0: Fly out, F1 (Line Drive, P, EV 69.4 MPH)
Batting: RHB Andrew Robinson 0-0: Ball
1-0: Ball
2-0: Ball
3-0: Base on Balls
Batting: RHB Jeckel Hester 0-0: Fielders Choice at 2nd, 1-6 (Groundball, 13, EV 69.4 MPH)
Batting: SHB Marvin McAleer Pickoff Throw to First - Error! E1
Jeckel Hester to second
0-0: Called Strike
0-1: Ball
1-1: Ball
2-1: Ball
3-1: Base on Balls
Batting: RHB Vincent Poopwell 0-0: Foul Ball, location: 2F
0-1: Swinging Strike
0-2: Ball
1-2: Foul Ball, location: 2F
1-2: Ball
Wild Pitch!
Jeckel Hester to third
Marvin McAleer to second
2-2: Foul Ball, location: 2F
2-2: Foul Ball, location: 2F
2-2: Ball
Wild Pitch!
Jeckel Hester scores
Marvin McAleer to third
3-2: Base on Balls
Batting: RHB Steve Jordan 0-0: Foul Ball, location: 2F
0-1: Ball
1-1: Ball
2-1: Foul Ball, location: 2F
2-2: Fly out, F9 (Flyball, 9LM, EV 91.9 MPH)
Top of the 3rd over - 1 run, 0 hits, 1 error, 2 left on base; Pittsburgh 1 - New York 4
BOTTOM OF THE 3RD
New York Mets batting - Pitching for Pittsburgh Pirates : RHP Jeremy Kennie
Batting: SHB Jonathan Jenkins 0-0: Ball
1-0: Foul Ball, location: 2F
1-1: Ground out 6-3 (Groundball, 6, EV 100.6 MPH)
Batting: SHB Sean Cook 0-0: Swinging Strike
0-1: Foul Ball, location: 2F
0-2: Strikes out swinging
Batting: SHB Gus Berry 0-0: Called Strike
0-1: Ball
1-1: Foul Ball, location: 2F
1-2: Ball
2-2: Ball
3-2: Base on Balls
Batting: SHB Kaname Fujimoto 0-0: Ball
1-0: Fly out, F7 (Line Drive, 7S, EV 103.8 MPH)
Bottom of the 3rd over - 0 runs, 0 hits, 0 errors, 1 left on base; Pittsburgh 1 - New York 4
TOP OF THE 4TH
Pittsburgh Pirates batting - Pitching for New York Mets : RHP Matt McAtee
Batting: RHB Tommie Eaton 0-0: Swinging Strike
0-1: Called Strike
0-2: Foul Ball, location: 2F
0-2: Foul Ball, location: 2F
0-2: Ball
1-2: Fly out, F9 (Line Drive, 9D, EV 89.4 MPH)
Batting: RHB Mike Bates 0-0: Ball
1-0: Ball
2-0: Ball
3-0: Called Strike
3-1: Base on Balls
Batting: RHB Raul Mendoza 0-0: Foul Ball, location: 2F
0-1: Called Strike
Mike Bates steals 2nd base
0-2: Strikes out swinging
Batting: RHB Mike Thornton 0-0: Called Strike
0-1: Ball
1-1: Ball
2-1: Swinging Strike
2-2: Strikes out swinging
Top of the 4th over - 0 runs, 0 hits, 0 errors, 1 left on base; Pittsburgh 1 - New York 4
BOTTOM OF THE 4TH
New York Mets batting - Pitching for Pittsburgh Pirates : RHP Jeremy Kennie
Batting: LHB Timo Gomez 0-0: Called Strike
0-1: Called Strike
0-2: Ball
1-2: Strikes out swinging
Batting: SHB Tomas Caldera 0-0: Fly out, F5 (Popup, 6S, EV 80.6 MPH)
Batting: SHB Scott Bartholomew 0-0: Foul Ball, location: 2F
0-1: SINGLE (Flyball, 3D, EV 96.9 MPH)
Batting: SHB Lewis Thorpe Jr. 0-0: Called Strike
0-1: Ball
1-1: Fielders Choice at 2nd, 6-4 (Groundball, 6, EV 101.2 MPH)
Bottom of the 4th over - 0 runs, 1 hit, 0 errors, 1 left on base; Pittsburgh 1 - New York 4
TOP OF THE 5TH
Pittsburgh Pirates batting - Pitching for New York Mets : RHP Matt McAtee
Batting: RHB Andrew Robinson 0-0: Called Strike
0-1: Ball
1-1: Called Strike
1-2: Foul Ball, location: 2F
1-2: Ball
2-2: SINGLE (Groundball, 56D, EV 103.8 MPH)
Batting: RHB Jeckel Hester 0-0: Ball
1-0: Ground out 5-3 (Groundball, 56S, EV 68.8 MPH)
Andrew Robinson to second
Pitching: LHP Xu-gang Zhou
Batting: SHB Marvin McAleer 0-0: Ball
1-0: Ball
2-0: Called Strike
2-1: Ground out 4-3 (Groundball, 34, EV 100.0 MPH)
Andrew Robinson to third
Batting: RHB Vincent Poopwell 0-0: Foul Ball, location: 2F
0-1: SINGLE (Flyball, 34D, EV 90.0 MPH)
Andrew Robinson scores
Batting: RHB Steve Jordan 0-0: SINGLE (Line Drive, 4D, EV 96.2 MPH)
Vincent Poopwell to second
Runner from 2nd tries for 3rd, OUT! 9-5
Top of the 5th over - 1 run, 3 hits, 0 errors, 1 left on base; Pittsburgh 2 - New York 4
BOTTOM OF THE 5TH
New York Mets batting - Pitching for Pittsburgh Pirates : RHP Jeremy Kennie
Now at C: Lupe Covarrubias
Batting: SHB Nelle van den Berg 0-0: Ball
1-0: Swinging Strike
1-1: Foul Ball, location: 2F
1-2: Ball
2-2: Foul Ball, location: 2F
2-2: Foul Ball, location: 2F
2-2: Ball
3-2: Foul Ball, location: 2F
3-2: Foul Ball, location: 2F
3-2: Foul Ball, location: 2F
3-2: Strikes out looking
Batting: SHB Jonathan Jenkins 0-0: Foul Ball, location: 2F
0-1: Ball
1-1: Fly out, F7 (Flyball, 7S, EV 88.8 MPH)
Batting: SHB Sean Cook 0-0: Called Strike
0-1: Ball
1-1: Foul Ball, location: 2F
1-2: Foul Ball, location: 2F
1-2: Foul Ball, location: 2F
1-2: Ball
2-2: Ball
3-2: Fly out, F8 (Flyball, 8LM, EV 76.9 MPH)
Bottom of the 5th over - 0 runs, 0 hits, 0 errors, 0 left on base; Pittsburgh 2 - New York 4
TOP OF THE 6TH
Pittsburgh Pirates batting - Pitching for New York Mets : LHP Xu-gang Zhou
Batting: RHB Tommie Eaton 0-0: Swinging Strike
0-1: Called Strike
0-2: Foul Ball, location: 2F
0-2: Strikes out swinging
Batting: RHB Mike Bates 0-0: Called Strike
0-1: Foul Ball, location: 2F
0-2: Ball
1-2: Strikes out swinging
Batting: RHB Raul Mendoza 0-0: Ball
1-0: Ball
2-0: Ground out 5-3 (Groundball, 56S, EV 66.9 MPH)
Top of the 6th over - 0 runs, 0 hits, 0 errors, 0 left on base; Pittsburgh 2 - New York 4
BOTTOM OF THE 6TH
New York Mets batting - Pitching for Pittsburgh Pirates : RHP Jeremy Kennie
Batting: SHB Gus Berry 0-0: Foul Ball, location: 2F
0-1: Ball
1-1: Foul Ball, location: 2F
1-2: SINGLE (Groundball, 34D, EV 97.5 MPH)
Batting: SHB Kaname Fujimoto 0-0: Ball
1-0: SINGLE (Line Drive, 5D, EV 96.9 MPH)
Gus Berry to second
Batting: LHB Timo Gomez 0-0: Ball
1-0: Called Strike
1-1: Ball
2-1: Ball
3-1: Foul Ball, location: 2F
3-2: Fly out, F6 (Line Drive, 6, EV 60.6 MPH)
Batting: SHB Tomas Caldera 0-0: DOUBLE (Groundball, 3L, EV 103.8 MPH)
Gus Berry scores
Kaname Fujimoto to third
Pitching: RHP Kwang-sik Kim
Batting: SHB Scott Bartholomew 0-0: Called Strike
0-1: Ball
1-1: Swinging Strike
1-2: Strikes out swinging
Batting: SHB Lewis Thorpe Jr. 0-0: Ball
1-0: Foul Ball, location: 2F
1-1: Ball
2-1: Called Strike
2-2: Foul Ball, location: 2F
2-2: Ball
3-2: Fly out, F8 (Flyball, 8RXD, EV 97.5 MPH)
Bottom of the 6th over - 1 run, 3 hits, 0 errors, 2 left on base; Pittsburgh 2 - New York 5
TOP OF THE 7TH
Pittsburgh Pirates batting - Pitching for New York Mets : LHP Xu-gang Zhou
Batting: RHB Mike Thornton 0-0: Ground out 6-3 (Groundball, 6, EV 86.2 MPH)
Batting: RHB Andrew Robinson 0-0: Swinging Strike
0-1: Ball
1-1: Swinging Strike
1-2: Ball
2-2: Ball
3-2: Ground out 5-3 (Groundball, 5, EV 88.8 MPH)
Batting: RHB Jeckel Hester 0-0: SOLO HOME RUN (Flyball, 7D, EV 99.4 MPH), Distance : 398 ft
Batting: SHB Marvin McAleer 0-0: Foul Ball, location: 2F
0-1: SINGLE (Groundball, 56D, EV 107.5 MPH)
Batting: RHB Lupe Covarrubias 0-0: Called Strike
0-1: Ball
Marvin McAleer steals 2nd base
1-1: Ball
2-1: SINGLE (Line Drive, 89S, EV 102.5 MPH)
Marvin McAleer to third
Runner from 3rd tries for Home, SAFE, throw by RF to home
Lupe Covarrubias to second
Batting: RHB Steve Jordan 0-0: Fly out, F7 (Line Drive, 7, EV 95.6 MPH)
Top of the 7th over - 2 runs, 3 hits, 0 errors, 1 left on base; Pittsburgh 4 - New York 5
BOTTOM OF THE 7TH
New York Mets batting - Pitching for Pittsburgh Pirates : RHP Kwang-sik Kim
Pitching: RHP Josh Allport
Batting: SHB Nelle van den Berg 0-0: Ball
1-0: Fly out, F7 (Flyball, 7S, EV 82.5 MPH)
Batting: SHB Jonathan Jenkins 0-0: Ball
1-0: Ball
2-0: SINGLE (Flyball, 9LS, EV 97.5 MPH)
Batting: SHB Sean Cook 0-0: Called Strike
0-1: Swinging Strike
0-2: Foul Ball, location: 2F
0-2: Ball
1-2: Ball
2-2: Foul Ball, location: 2F
2-2: Ball
3-2: Foul Ball, location: 2F
3-2: Base on Balls
Jonathan Jenkins to second
Batting: SHB Gus Berry 0-0: Ball
1-0: Ball
2-0: Ball
3-0: Base on Balls
Jonathan Jenkins to third
Sean Cook to second
Batting: SHB Kaname Fujimoto 0-0: Ball
1-0: Swinging Strike
1-1: Foul Ball, location: 2F
1-2: Ball
2-2: Foul Ball, location: 2F
2-2: Strikes out looking
Batting: LHB Timo Gomez 0-0: Called Strike
0-1: SINGLE (Groundball, 34D, EV 96.2 MPH)
Jonathan Jenkins scores
Sean Cook to third
Gus Berry to second
Runner from 3rd tries for Home, SAFE, throw by RF to home
Batting: SHB Tomas Caldera 0-0: Fielders Choice at 2nd, 6-4 (Groundball, 6, EV 93.8 MPH)
Bottom of the 7th over - 2 runs, 2 hits, 0 errors, 2 left on base; Pittsburgh 4 - New York 7
TOP OF THE 8TH
Pittsburgh Pirates batting - Pitching for New York Mets : LHP Xu-gang Zhou
Pitching: RHP Ron Hawkins
Batting: RHB Tommie Eaton 0-0: Called Strike
0-1: Ball
1-1: Called Strike
1-2: SINGLE (Groundball, 6MD, EV 102.5 MPH)
Batting: RHB Mike Bates 0-0: Ball
1-0: Foul Ball, location: 2F
1-1: Ball
2-1: Ball
Wild Pitch!
Tommie Eaton to second
3-1: Fly out, F9 (Flyball, 9LS, EV 93.1 MPH)
Batting: RHB Raul Mendoza 0-0: Ball
1-0: Swinging Strike
1-1: Foul Ball, location: 2F
1-2: Strikes out swinging
Batting: RHB Mike Thornton 0-0: Called Strike
0-1: Ball
1-1: Foul Ball, location: 2F
1-2: Ground out 3-1 (Groundball, 34, EV 101.2 MPH)
Top of the 8th over - 0 runs, 1 hit, 0 errors, 1 left on base; Pittsburgh 4 - New York 7
BOTTOM OF THE 8TH
New York Mets batting - Pitching for Pittsburgh Pirates : RHP Josh Allport
Batting: SHB Scott Bartholomew 0-0: Ball
1-0: Ground out 2-3 (Groundball, 2L, EV 71.2 MPH)
Batting: SHB Lewis Thorpe Jr. 0-0: Called Strike
0-1: Ball
1-1: Foul Ball, location: 2F
1-2: Ball
2-2: Foul Ball, location: 2F
2-2: Foul Ball, location: 2F
2-2: Ball
3-2: Ground out 4-3 (Groundball, 4, EV 80.6 MPH)
Batting: SHB Nelle van den Berg 0-0: Called Strike
0-1: Ball
1-1: Foul Ball, location: 2F
1-2: DOUBLE (Line Drive, 78D, EV 108.1 MPH)
Batting: SHB Jonathan Jenkins 0-0: Ball
1-0: Called Strike
1-1: Ball
2-1: Ball
3-1: Foul Ball, location: 2F
3-2: Strikes out swinging
Bottom of the 8th over - 0 runs, 1 hit, 0 errors, 1 left on base; Pittsburgh 4 - New York 7
TOP OF THE 9TH
Pittsburgh Pirates batting - Pitching for New York Mets : RHP Ron Hawkins
Pitching: LHP Sam Schrecengost
Now in LF: Javy Rosa
Now in RF: Timo Gomez
Batting: RHB Andrew Robinson 0-0: Called Strike
0-1: Ball
1-1: Foul Ball, location: 2F
1-2: Fly out, F9 (Flyball, 9, EV 85.0 MPH)
Batting: RHB Jeckel Hester 0-0: Foul Ball, location: 2F
0-1: Foul Ball, location: 2F
0-2: SINGLE (Groundball, 3D, EV 104.4 MPH)
Batting: SHB Marvin McAleer 0-0: Called Strike
0-1: Swinging Strike
0-2: Ball
1-2: Strikes out looking
Batting: RHB Lupe Covarrubias 0-0: Ball
1-0: Ball
2-0: Swinging Strike
2-1: DOUBLE (Line Drive, 78M, EV 110.0 MPH)
Jeckel Hester to third
Batting: RHB Steve Jordan 0-0: Called Strike
0-1: Fly out, F8 (Flyball, 8RS, EV 90.6 MPH)
Top of the 9th over - 0 runs, 2 hits, 0 errors, 2 left on base; Pittsburgh 4 - New York 7
Thursday, March 31st , 2022 - OOTP Baseball 22.12 Build 89